 Dungeon Crawl Stone Soup version 0.30.0-10-gfe55d96785 (webtiles) character file.

Game seed: 18073947913181606444

4055 STUDMUFFIN1 the Fighter (level 10, -6/153 HPs)
             Began as a Minotaur Berserker on May 15, 2023.
             Was an Elder of Trog.
             Mangled by a slime creature (20 damage)
             ... on level 8 of the Dungeon.
             The game lasted 00:22:45 (7552 turns).

STUDMUFFIN1 the Fighter (Minotaur Berserker)        Turns: 7552, Time: 00:22:45

Health: -6/153     AC:  2    Str: 24    XL:     10   Next: 4%
Magic:  0/9        EV: 10    Int:  4    God:    Trog [****..]
Gold:   548        SH:  0    Dex: 12    Spells: 9/9 levels left

rFire   . . .        D - +1 war axe (freeze)
rCold   . . .        (no shield)
rNeg    . . .        a - +1 chain mail {Will+}
rPois   +            (helmet restricted)
rElec   .            v - +0 cloak
rCorr   .            j - +0 pair of gloves {infuse}
SInv    .            (no boots)
Will    +....        p - amulet of regeneration Stlth
                     e - ring of poison resistance
HPRegen 1.25/turn    b - +4 ring of protection
MPRegen 0.11/turn

%: no passive effects
@: berserking, corroded, very quick
A: horns 2, retaliatory headbutt
a: Renounce Religion, Berserk, Trog's Hand, Brothers in Arms


You were on level 8 of the Dungeon.
You worshipped Trog.
Trog was greatly pleased with you.
You visited 1 branch of the dungeon, and saw 8 of its levels.
You also visited: Sewer.

You collected 548 gold pieces.

Inventory:

Hand Weapons
 w - a +4 quarterstaff of chaos
 C - a +3 great sword
 D - a +1 war axe of freezing (weapon)
 F - a +0 lajatang
Missiles
 o - 3 throwing nets (quivered)
Armour
 a - a +1 chain mail of willpower (worn)
 j - a +0 pair of gloves of infusion (worn)
 v - a +0 cloak (worn)
 E - a +0 plate armour
Jewellery
 b - a +4 ring of protection (right hand)
 e - a ring of poison resistance (left hand)
 h - a +6 ring of intelligence
 i - a ring of resist corrosion
 p - an amulet of regeneration (around neck)
Wands
 z - a wand of roots (12)
 A - a wand of flame (21)
Scrolls
 g - 3 scrolls of fog
 l - 3 scrolls of immolation
 r - 3 scrolls of magic mapping
 t - a scroll of summoning
 x - 2 scrolls of noise {unknown}
 y - 5 scrolls of silence
 B - a scroll of enchant weapon {unknown}
Potions
 c - a potion of lignification {unknown}
 d - 2 potions of invisibility {unknown}
 f - 3 potions of brilliance
 k - a potion of flight {unknown}
 m - a potion of berserk rage {unknown}
 n - 2 potions of heal wounds
 q - 5 potions of mutation
 s - 2 potions of haste {unknown}
 u - 4 potions of curing {unknown}
 H - a potion of cancellation {unknown}


   Skills:
 * Level 13.7 Fighting
 + Level 6.9 Axes
 * Level 8.0 Armour
 * Level 5.2 Dodging


You had 9 spell levels left.
You didn't know any spells.
Your spell library was empty.

Dungeon Overview and Level Annotations

Branches:
Dungeon (8/15)             Temple (0/1) D:5           Sewer (visited)
   Lair: D:8-11

Altars:
Ashenzari
Fedhas
Hepliaklqana
Makhleb
Uskayaw
Wu Jian

Shops:
D:2 [   D:6 :


Innate Abilities, Weirdness & Mutations

You have a pair of horns on your head.
You reflexively headbutt those who attack you in melee.


Message History

Unknown command.
You hit the slime creature but do no damage.
You punch the slime creature, but do no damage.
The slime creature is lightly wounded.
You slash the slime creature! You freeze the slime creature.
You slash the jelly! You freeze the jelly.
You kill the jelly!
Trog accepts your kill.
You hit the slime creature but do no damage.
The slime creature hits you! x2
* * * LOW HITPOINT WARNING * * *
Unknown command.
You slash the slime creature! You freeze the slime creature.
The slime creature is moderately wounded.
You hit the slime creature but do no damage.
You slash the jelly! You freeze the jelly.
Your hands burn!
* * * LOW HITPOINT WARNING * * *
You slash the slime creature! You freeze the slime creature.
You slash the endoplasm! You freeze the endoplasm.
You kill the endoplasm!
Trog accepts your kill. The slime creature closely misses you.
You furiously retaliate!
You headbutt the slime creature, but do no damage.
Unknown command.
You hit the slime creature but do no damage.
You headbutt the slime creature, but do no damage.
The slime creature is moderately wounded.
You hit the slime creature. You freeze the slime creature.
You hit the jelly but do no damage.
Your hands burn!
* * * LOW HITPOINT WARNING * * *
You barely miss the slime creature. The slime creature hits you!
* * * LOW HITPOINT WARNING * * *
The jelly hits you.
* * * LOW HITPOINT WARNING * * *
You are splashed with acid!
* * * LOW HITPOINT WARNING * * *
The slime creature closely misses you. You furiously retaliate!
You headbutt the slime creature, but do no damage.
The slime creature hits you!!
You die...

.#
#.....#####...#.##........#
.# #######
#.#...##.###.##.### .#
#[##..... #.##...## .##
#.##.###.# #.####... ..#
#.##.# # #.# #### #.#
###### ### #.# ######## #.#
##########.J÷..÷#
#.#####......##J@J.P.P#
#.#.##.......#.#JJJ...#
#...').......#.#J.J..P#
##..)).......#)#......# #
#..').....#'#.#.P....# .
#..##.....#.#.#......# #
#.####....#.#.#PP..PP# #.#
#######.##÷....)# #.# ###


You could see 3 slime creatures, a jelly and 4 endoplasms.

Vanquished Creatures
  A hornet (D:7)
  4 yaks (D:8)
  A steam dragon (D:8)
  Menkaure (D:7)
  5 water moccasins
  Duvessa (D:6)
  An orc warrior (D:8)
  An ice beast (D:7)
  2 ogres
  2 centaurs
  2 phantoms (D:6)
  3 kobold brigands
  2 bullfrogs
  4 wights (D:6)
  Dowan (D:6)
  3 killer bees (D:8)
  3 howler monkeys
  4 jellies
  A gnoll bouda (D:6)
  2 orc priests (D:7)
  4 hounds
  Crazy Yiuf (D:3)
  Terence (D:3)
  An iguana (D:6)
  2 orc wizards (D:8)
  A hell rat (Sewer)
  A mummy (D:8)
  Robin (D:4)
  11 gnolls
  5 adders
  2 river rats (Sewer)
  A shadow imp (D:7)
  A white imp (D:6)
  A worm (D:2)
  4 dart slugs
  15 orcs
  6 bats (D:1)
  9 endoplasms
  4 giant cockroaches
  17 goblins
  11 hobgoblins
  4 jackals (D:4)
  5 quokkas
  5 ball pythons (D:1)
  4 frilled lizards
  2 hobgoblin zombies (D:8)
  15 kobolds
  2 kobold zombies (D:8)
  10 rats
190 creatures vanquished.

Vanquished Creatures (collateral kills)
  2 killer bees (D:8)
2 creatures vanquished.

Grand Total: 192 creatures vanquished

Notes
Turn   | Place    | Note
-------+----------+-------------------------------------------
     0 | D:1      | STUDMUFFIN1 the Minotaur Berserker began the quest for the
                  | Orb.
     0 | D:1      | Reached XP level 1. HP: 19/19 MP: 0/0
   147 | D:1      | Reached skill level 4 in Fighting
   155 | D:1      | Reached XP level 2. HP: 22/28 MP: 1/1
   441 | D:1      | Reached skill level 5 in Fighting
   466 | D:1      | Reached XP level 3. HP: 27/36 MP: 2/2
   616 | D:1      | Reached ** piety under Trog
  1222 | D:2      | Found Sein's Antique Armour Shoppe.
  1931 | D:3      | Reached skill level 6 in Fighting
  1931 | D:3      | Reached XP level 4. HP: 41/44 MP: 3/3
  1957 | D:3      | Found a glowing drain.
  2034 | D:3      | Found a faded altar of an unknown god.
  2039 | D:3      | Noticed an ogre
  2049 | D:3      | Killed an ogre
  2050 | D:3      | Reached skill level 7 in Fighting
  2050 | D:3      | Reached XP level 5. HP: 43/52 MP: 4/4
  2084 | Sewer    | Entered a sewer
  2185 | Sewer    | Reached *** piety under Trog
  2388 | D:3      | Reached skill level 8 in Fighting
  2458 | D:3      | Found a runed translucent door.
  2459 | D:3      | Noticed Crazy Yiuf
  2468 | D:3      | Killed Crazy Yiuf
  2469 | D:3      | Reached XP level 6. HP: 34/61 MP: 5/5
  2758 | D:3      | Noticed Terence
  2775 | D:3      | Killed Terence
  3425 | D:4      | Noticed Robin
  3444 | D:4      | Killed Robin
  4009 | D:5      | Entered Level 5 of the Dungeon
  4018 | D:5      | Reached skill level 9 in Fighting
  4052 | D:5      | Found a staircase to the Ecumenical Temple.
  4597 | D:5      | Noticed a water moccasin
  4602 | D:5      | Killed a water moccasin
  4603 | D:5      | Reached XP level 7. HP: 60/71 MP: 3/6
  4831 | D:6      | Reached skill level 10 in Fighting
  4889 | D:6      | Reached **** piety under Trog
  4990 | D:6      | Noticed Dowan
  4990 | D:6      | Noticed Duvessa
  4999 | D:6      | Reached skill level 11 in Fighting
  5000 | D:6      | Killed Duvessa
  5000 | D:6      | Killed Dowan
  5001 | D:6      | Reached XP level 8. HP: 82/82 MP: 1/7
  5419 | D:6      | Found a hide-covered altar of Uskayaw.
  5421 | D:6      | Found a broken altar of Ashenzari.
  5422 | D:6      | Found a hazy altar of Hepliaklqana.
  5424 | D:6      | Found an ornate altar of the Wu Jian Council.
  5430 | D:6      | Found a burning altar of Makhleb.
  5445 | D:6      | Reached skill level 12 in Fighting
  5478 | D:6      | Found Petiugir's Book Boutique.
  6090 | D:7      | Reached skill level 5 in Armour
  6114 | D:7      | Noticed a hornet
  6124 | D:7      | Killed a hornet
  6125 | D:7      | Reached skill level 13 in Fighting
  6125 | D:7      | Reached XP level 9. HP: 93/93 MP: 4/8
  6854 | D:7      | Noticed Menkaure
  6864 | D:7      | Killed Menkaure
  6973 | D:8      | Found a blossoming altar of Fedhas.
  6997 | D:8      | Reached skill level 5 in Axes
  7231 | D:8      | Reached skill level 5 in Dodging
  7501 | D:8      | Reached XP level 10. HP: 102/102 MP: 0/9
  7552 | D:8      | Mangled by a slime creature

Illustrated notes

Levels and vault maps discovered:
D:1:      minmay_arrival_four_houses, layout_basic, minmay_pentomino_v2
D:2:      layout_loops_ring, serial_shops, shop
D:3:      layout_loops_ring, nicolae_ecumenical_lake_church,
          gup_sewer_entry_glass, uniq_terence, uniq_crazy_yiuf_cottage
D:4:      layout_layer_cave, uniq_robin
D:5:      layout_loops_ring, minmay_temple_entry_tees
D:6:      layout_cave_pods, grunt_temple_overflow_open, serial_shops,
          shop_fountains, uniq_duvessa
D:7:      layout_basic, uniq_menkaure
D:8:      cheibrodos_fertilizer, layout_rooms, lemuel_crystal_altar,
          hangedman_decor_slide_cut, minmay_mini_ossuary, uniq_erica,
          uniq_psyche

Skill      XL: |  1  2  3  4  5  6  7  8  9 10 |
---------------+-------------------------------+-----
Fighting       | 4 5 6 7 8 9 11 13 | 13.7
Armour         | 3 5 7 8 |  8.0
Dodging        | 3 4 5 |  5.2
Axes           | 6 |  6.9

Action                     |  1- 3 |  4- 6 |  7- 9 | 10-12 || total
---------------------------+-------+-------+-------+-------++-------
  Melee: Hand axe          |    80 |    71 |       |       ||   151
         Headbutt          |    13 |    27 |    22 |     3 ||    65
         Punch             |     1 |     1 |       |     1 ||     3
         War axe           |       |    57 |   149 |    11 ||   217
 Invoke: Berserk           |       |     2 |     5 |     1 ||     8
    Use: Scroll            |       |     6 |     8 |     1 ||    15
         Potion            |       |       |     1 |       ||     1
 Armour: Animal skin       |    22 |       |       |       ||    22
         Ring mail         |    10 |    16 |       |       ||    26
         Chain mail        |       |    59 |   161 |     5 ||   225
  Dodge: Dodged            |    87 |    75 |   144 |     6 ||   312
